Map: Distant Plane

Players

Tenonee

  • Race: Zerg Zerg
  • League: Diamond

Equity

  • Race: Protoss Protoss
  • League: Diamond

LethalSniper - Winner!

  • Race: Terran Terran

Lich - Winner!

  • Race: Terran Terran

VOD

Have the link to the VOD?

Description

Time

  • Played on: July 29, 2016, 6:54 a.m.
  • Length: 9:07
Show
View Real Time Build Order
Export as new Build Order

Tenonee Zerg 

Build Orders: Hatch First 

Get SALT Encoding   

  12  0:01  Drone  
  13  0:13  Overlord  
  13  0:18  Drone  
  14  0:31  Drone  
  14  0:32  Drone  
  16  0:36  Drone  
  17  0:46  Drone  
  18  1:00  Drone  
  19  1:09  Hatchery  
  18  1:13  Extractor  
  17  1:18  Spawning Pool  
  16  1:26  Drone x2  
  18  1:41  Overlord  
  18  1:45  Drone  
  19  1:51  Drone  
  20  2:03  Drone  
  21  2:10  Queen  
  21  2:14  Metabolic Boost  
  23  2:22  Queen  
  23  2:28  Drone x3  
  27  2:51  Queen  
  27  2:55  Drone x4  
  27  2:56  Drone  
  27  2:57  Overlord  
  34  3:02  Queen  
  36  3:15  Roach Warren  
  36  3:18  Drone x2  
  37  3:33  Drone x2  
  37  3:34  Drone x5  
  41  3:37  Extractor  
  41  3:38  Extractor  
  41  3:39  Overlord  
  41  3:40  Extractor  
  41  3:47  Pneumatized Carapace  
  41  3:58  Drone  
  41  3:59  Drone x2  
  41  4:01  Drone  
  41  4:02  Drone x2  
  47  4:03  Drone x2  
  47  4:06  Lair  
  47  4:09  Zergling x2  
  50  4:18  Drone x2  
  52  4:24  Overlord x2  
  52  4:26  Evolution Chamber  
  51  4:44  Drone x2  
  53  4:55  Roach x6  
  65  5:05  Hatchery  
  64  5:13  Spore Crawler  
  63  5:20  Spore Crawler  
  57  5:37  Drone x2  
  57  5:38  Drone x2  
  61  5:44  Zerg Ground Armor Level 1, Glial Reconstitution  
  61  5:52  Overlord x4  
  59  6:08  Roach  
  59  6:09  Roach x3  
  67  6:27  Roach  
  67  6:28  Roach x9  
  77  6:47  Roach  
  77  6:48  Roach x5  
  87  7:08  Roach x4  
  85  7:24  Queen x2  
  87  7:35  Ravager  
  87  7:36  Ravager x5  
  93  7:37  Overlord x2  
  93  7:38  Overlord x3  
  93  7:55  Roach  
  93  7:56  Roach x5  
  77  8:26  Roach x9  
  84  8:44  Roach x2  
  84  8:45  Roach x3  
  94  8:52  Hatchery  
Show
View Real Time Build Order
Export as new Build Order

Equity Protoss 

Build Orders: 1 Gate Expand 

Get SALT Encoding   

  12  0:01  Probe (Chrono Boost)  
  13  0:17  Probe (Chrono Boost)  
  13  0:19  Pylon  
  14  0:27  Probe (Chrono Boost)  
  15  0:38  Probe (Chrono Boost)  
  15  0:39  Gateway  
  16  0:48  Probe (Chrono Boost)  
  17  0:59  Probe (Chrono Boost)  
  18  1:09  Probe (Chrono Boost)  
  19  1:20  Probe (Chrono Boost)  
  19  1:21  Nexus  
  20  1:33  Cybernetics Core  
  20  1:35  Probe (Chrono Boost)  
  21  1:41  Assimilator  
  21  1:46  Probe (Chrono Boost)  
  22  1:49  Assimilator  
  22  1:55  Pylon  
  22  2:00  Probe (Chrono Boost)  
  23  2:13  Probe (Chrono Boost)  
  23  2:14  Adept  
  26  2:24  Probe (Chrono Boost)  
  27  2:34  Robotics Facility  
  27  2:41  Probe x2 (Chrono Boost), Adept  
  31  2:46  Warp Gate  
  32  2:51  Probe x2 (Chrono Boost)  
  33  3:02  Probe x2 (Chrono Boost)  
  35  3:08  Adept  
  39  3:13  Mothership Core (Chrono Boost)  
  39  3:16  Probe (Chrono Boost)  
  40  3:24  Warp Prism  
  40  3:26  Probe (Chrono Boost)  
  43  3:32  Pylon  
  43  3:35  Probe (Chrono Boost)  
  43  3:36  Twilight Council  
  43  3:39  Adept  
  46  3:48  Gateway  
  46  3:50  Probe (Chrono Boost)  
  46  3:55  Gateway  
  47  4:00  Probe (Chrono Boost)  
  47  4:02  Assimilator  
  48  4:06  Assimilator  
  48  4:15  Observer  
  49  4:19  Probe x2 (Chrono Boost)  
  49  4:20  Pylon  
  49  4:23  Charge  
  51  4:30  Probe x2 (Chrono Boost)  
  53  4:40  Probe (Chrono Boost)  
  53  4:41  Probe (Chrono Boost)  
  53  4:44  Gateway  
  55  4:46  Gateway  
  55  4:51  Probe x2 (Chrono Boost)  
  53  5:01  Probe (Chrono Boost)  
  53  5:02  Probe (Chrono Boost)  
  53  5:07  Zealot x3  
  50  5:12  Probe (Chrono Boost)  
  55  5:22  Probe (Chrono Boost)  
  55  5:23  Probe (Chrono Boost)  
  53  5:44  Immortal  
  53  5:48  Probe (Chrono Boost)  
  53  5:49  Probe (Chrono Boost)  
  53  5:59  Probe (Chrono Boost)  
  53  6:01  Zealot  
  53  6:02  Zealot x2  
  60  6:04  Probe (Chrono Boost)  
  60  6:09  Probe (Chrono Boost)  
  62  6:20  Pylon  
  62  6:24  Pylon  
  62  6:37  Pylon  
  62  6:38  Probe x2 (Chrono Boost)  
  62  6:39  Zealot x2  
  68  6:40  Zealot  
  70  6:48  Probe (Chrono Boost), Warp Prism  
  70  6:50  Zealot x2  
  77  6:58  Probe (Chrono Boost)  
  77  6:59  Probe (Chrono Boost)  
  79  7:07  Templar Archives  
  79  7:08  Probe (Chrono Boost)  
  79  7:09  Pylon  
  79  7:13  Pylon  
  79  7:15  Probe (Chrono Boost)  
  81  7:19  Probe (Chrono Boost)  
  82  7:32  Pylon  
  82  7:33  Probe x2 (Chrono Boost)  
  82  7:34  Nexus  
  84  7:46  High Templar x2  
  88  7:51  Gateway  
  88  8:02  Immortal  
  76  8:16  Zealot x3  
  76  8:18  Probe (Chrono Boost)  
  79  8:21  Gateway  
  79  8:22  Forge  
  79  8:23  Forge  
  79  8:28  Zealot x2  
  79  8:31  Probe x2 (Chrono Boost)  
  81  8:37  Archon  
  81  8:39  Zealot  
  81  8:40  Zealot  
Show
View Real Time Build Order
Export as new Build Order

LethalSniper Terran - Winner!

Build Orders: MMM Bio 

Get SALT Encoding   

  12  0:02  SCV  
  13  0:14  SCV  
  14  0:20  Supply Depot  
  14  0:26  SCV  
  15  0:41  SCV  
  16  0:43  Barracks  
  16  0:48  Refinery  
  16  0:53  SCV  
  17  1:05  SCV  
  18  1:18  SCV  
  19  1:31  Marine  
  21  1:34  Orbital Command  
  20  1:52  Command Center  
  20  1:55  Marine  
  21  2:03  Factory  
  21  2:06  SCV  
  22  2:13  Marine  
  22  2:14  Supply Depot  
  23  2:27  Refinery  
  23  2:32  Barracks Reactor  
  23  2:36  SCV  
  24  2:48  SCV  
  25  2:58  Starport  
  25  3:00  Factory Reactor, SCV  
  26  3:11  Orbital Command  
  26  3:15  Marine  
  26  3:16  SCV  
  27  3:28  Supply Depot, SCV  
  27  3:29  Marine  
  27  3:33  Marine  
  30  3:34  Barracks  
  30  3:35  Barracks  
  30  3:38  SCV  
  31  3:43  SCV  
  31  3:46  Supply Depot  
  32  3:49  Marine  
  33  3:56  Medivac  
  33  4:00  SCV  
  36  4:03  SCV  
  36  4:08  Marine  
  38  4:12  Marine, SCV  
  38  4:15  SCV  
  41  4:23  Marine  
  44  4:24  SCV  
  44  4:26  Barracks Tech Lab  
  44  4:29  Supply Depot  
  44  4:30  Marine  
  44  4:31  SCV  
  45  4:36  SCV  
  46  4:38  Marine  
  46  4:40  Medivac  
  46  4:43  SCV  
  50  4:46  Marine  
  50  4:47  Marine  
  50  4:48  Marine, SCV  
  54  4:55  SCV  
  54  4:56  Marine  
  56  5:00  SCV  
  56  5:04  Marine x2  
  56  5:05  Supply Depot  
  56  5:06  Supply Depot, Marine  
  60  5:07  SCV  
  60  5:08  Stimpack  
  60  5:12  SCV  
  61  5:14  Marine  
  61  5:19  Medivac, SCV  
  61  5:21  Marine  
  61  5:22  Marine  
  61  5:28  Marine  
  61  5:32  Marine  
  62  5:39  Marine  
  62  5:41  SCV  
  64  5:43  Medivac  
  64  5:44  Marine  
  64  5:46  Marine  
  67  5:50  Marine  
  67  5:53  SCV  
  67  5:55  SCV  
  70  5:57  Refinery  
  70  6:02  Marine  
  70  6:03  Marine  
  71  6:05  SCV  
  71  6:07  Marine, SCV  
  74  6:13  Supply Depot  
  74  6:14  Barracks Reactor  
  74  6:17  SCV  
  74  6:19  SCV  
  74  6:20  Marine  
  74  6:21  Marine  
  74  6:25  Marine  
  77  6:29  SCV  
  78  6:38  Marine  
  78  6:39  Marine  
  79  6:43  SCV, Medivac x2, Marine  
  79  6:44  SCV  
  84  6:49  Supply Depot  
  84  6:55  Marine, SCV  
  84  6:56  SCV  
  84  6:59  Marine x2  
  86  7:06  Marine x2  
  86  7:08  SCV  
  85  7:10  SCV  
  85  7:13  Medivac x2, Marine  
  91  7:17  Marine x2  
  91  7:20  SCV  
  91  7:22  Barracks, SCV  
  93  7:23  Barracks x2, Marine  
  93  7:24  Marine  
  93  7:26  Combat Shields  
  93  7:27  Supply Depot  
  94  7:31  Marine  
  94  7:32  SCV  
  94  7:34  SCV  
  94  7:35  Marine  
  94  7:36  Marine  
  98  7:41  Marine  
  100  7:44  SCV  
  100  7:45  Command Center, Marine  
  100  7:48  Medivac  
  102  7:53  Engineering Bay  
  102  7:56  Engineering Bay  
  102  7:57  Marine  
  103  8:03  SCV x2  
  103  8:04  Marine x4  
  109  8:14  Marine  
  110  8:20  Refinery  
  110  8:27  Marine x2, SCV  
  110  8:28  Marine, SCV  
  110  8:30  Supply Depot, Marine  
  110  8:31  Supply Depot  
  110  8:32  Medivac x2  
  110  8:33  Marine  
  121  8:39  Supply Depot  
  121  8:40  Refinery  
  119  8:45  Marine x2  
Show
View Real Time Build Order
Export as new Build Order

Lich Terran - Winner!

Build Orders: Command Center First (CC), MMM Bio 

Get SALT Encoding   

  12  0:02  SCV  
  14  0:14  SCV  
  14  0:20  Supply Depot  
  14  0:26  SCV  
  15  0:42  SCV  
  16  0:54  SCV  
  17  1:05  Command Center  
  17  1:06  SCV  
  18  1:12  Refinery  
  18  1:18  SCV  
  19  1:25  Barracks  
  19  1:30  SCV  
  20  1:35  Refinery  
  20  1:42  SCV  
  20  1:46  Supply Depot  
  21  1:54  SCV  
  22  2:06  SCV  
  23  2:14  Barracks Tech Lab  
  23  2:18  Barracks  
  23  2:22  Factory  
  23  2:27  SCV  
  24  2:32  SCV  
  25  2:37  Stimpack  
  25  2:40  Marine  
  26  2:45  SCV  
  26  2:47  SCV  
  28  2:58  Marine  
  28  2:59  Orbital Command  
  29  3:06  Barracks Reactor  
  29  3:11  Orbital Command  
  29  3:20  Starport  
  29  3:25  SCV  
  30  3:30  Marine  
  30  3:34  Factory Tech Lab  
  31  3:37  SCV  
  31  3:39  SCV  
  33  3:46  Marine  
  34  3:48  Marine  
  34  3:49  Marine, SCV  
  34  3:51  SCV  
  34  3:54  Siege Tank  
  41  3:57  Starport Reactor  
  41  4:01  SCV  
  41  4:02  Refinery  
  42  4:03  SCV  
  42  4:05  Refinery  
  43  4:12  Supply Depot  
  43  4:13  SCV  
  43  4:15  Supply Depot  
  43  4:16  SCV  
  45  4:28  SCV  
  46  4:31  Marine x2  
  46  4:32  Siege Tank  
  46  4:33  Barracks  
  46  4:35  Marine  
  46  4:38  SCV  
  53  4:40  SCV  
  54  4:49  Marine x2  
  54  4:50  Medivac x2  
  60  4:53  Marine  
  60  4:57  Engineering Bay  
  60  5:00  Supply Depot  
  60  5:04  Supply Depot  
  55  5:07  Marine x2  
  55  5:10  Supply Depot  
  56  5:29  Marine x3  
  56  5:33  Marine  
  55  5:47  Marine  
  55  5:49  Marine x2  
  55  5:51  SCV  
  55  5:54  SCV  
  57  6:05  SCV  
  57  6:06  Marine  
  57  6:07  Medivac  
  57  6:09  SCV  
  57  6:10  Terran Infantry Weapons Level 1  
  62  6:14  Barracks Reactor  
  63  6:18  SCV  
  63  6:20  Supply Depot  
  63  6:21  Marine  
  64  6:25  Marine  
  64  6:27  Marine  
  64  6:30  SCV  
  64  6:31  Combat Shields  
  67  6:34  SCV  
  67  6:39  Supply Depot, Marine  
  69  6:42  Siege Tank  
  72  6:47  Marine x2  
  72  6:53  Supply Depot  
  74  6:54  SCV x2  
  74  6:55  Marine x2  
  74  6:57  Marine, Medivac  
  81  7:15  Marine x3  
  83  7:16  Marine  
  83  7:17  Marine  
  83  7:18  Medivac  
  83  7:19  SCV  
  89  7:23  SCV  
  89  7:27  Medivac  
  92  7:31  SCV  
  92  7:32  Marine  
  92  7:33  Marine x2  
  96  7:39  Marine  
  96  7:40  Marine  
  98  7:50  Command Center  
  98  8:07  Marine x2  
  72  8:27  Marine  
  71  8:40  Marine  
  71  8:41  Marine x3  
  72  8:42  SCV  
  72  8:45  Marine  
Tags
 
Add a new tag
Caveats
  • Supply blocks, unpowered buildings, or Contaminate may cause inaccurate times.
  • Supply counts are checked every 10 seconds.